 Dungeon Crawl Stone Soup version 0.28-a0-563-gf77a47075d (webtiles) character file.

Game seed: 6575283230283901782

4867 funkygono the Thaumaturge (level 10, -1/65 HPs)
             Began as a Djinni Fire Elementalist on Sept 30, 2021.
             Was a Believer of Makhleb.
             Slain by a water moccasin (2 damage)
             ... while petrified by a basilisk
             ... on level 1 of the Lair of Beasts.
             The game lasted 00:20:15 (7769 turns).

funkygono the Thaumaturge (DjFE)                    Turns: 7769, Time: 00:20:16

Health: -1/65      AC:  9    Str:  8    XL:     10   Next: 79%
Gold:   1470       EV:  2    Int: 19    God:    Makhleb [**....] SH:  0 Dex: 14

rFire   + . .      SeeInvis .   q - +2 falchion (vorpal)
rCold   . . .      Faith    .   n - +0 buckler
rNeg    + + +      Spirit   .   E - +1 troll leather armour
rPois   ∞          Reflect  .   f - +0 helmet
rElec   .          Harm     .   d - +1 cloak
rCorr   .          Rampage  .   r - +0 pair of gloves
Will    +....                   (boots unavailable)
Stlth   ++........              p - amulet of regeneration
HPRegen 2.20/turn               b - ring of wizardry
MPRegen 0.00/turn               u - ring of ice

@: petrified, flying
A: sickness immunity, fire resistance 2, cold vulnerability 1, float, innate
caster, hp casting, extra vitality 1
a: Renounce Religion, Minor Destruction


You were on level 1 of the Lair of Beasts.
You worshipped Makhleb.
Makhleb was pleased with you.
You visited 3 branches of the dungeon, and saw 10 of its levels.

You collected 1470 gold pieces.

Inventory:

Hand Weapons
 m - a +4 dagger of venom
 q - a +2 vorpal falchion (weapon)
Missiles
 c - 183 stones
Armour
 d - a +1 cloak (worn)
 f - a +0 helmet (worn)
 n - a +0 buckler (worn)
 r - a +0 pair of gloves (worn)
 E - a +1 troll leather armour (worn)
 I - +0 steam dragon scales
Magical Staves
 g - a staff of conjuration
 k - a staff of fire
Jewellery
 b - a ring of wizardry (left hand)
 p - an amulet of regeneration (around neck)
 u - a ring of ice (right hand)
 x - a ring of fire
Wands
 A - a wand of acid (8)
 L - a wand of paralysis (13)
Scrolls
 a - a scroll of brand weapon
 s - 2 scrolls of teleportation
 w - a scroll of fear
 K - 2 scrolls of fog
Potions
 e - a potion of curing
 h - a potion of mutation
 o - 4 potions of might
 v - a potion of attraction
 z - a potion of invisibility {unknown}
 B - 2 potions of ambrosia
 D - a potion of cancellation {unknown}
 F - a potion of lignification {unknown}
 H - a potion of brilliance {unknown}


   Skills:
 + Level 2.5 Fighting
 + Level 4.1 Long Blades
 + Level 3.0 Armour
 + Level 5.5 Dodging
 + Level 2.6 Stealth
 + Level 1.1 Shields
 + Level 10.1 Spellcasting


You had 7 spell levels left.
You knew the following spells:

 Your Spells              Type           Power      Damage    Failure   Level
a - Foxfire               Conj/Fire      100%       2x1d9     1%          1
b - Scorch                Fire           94%        2d10      1%          2
c - Conjure Flame         Conj/Fire      47%        6-21      1%          3
d - Inner Flame           Hex/Fire       47%        N/A       1%          3
e - Flame Wave            Conj/Fire      47%        3d9       1%          4
f - Apportation           Tloc           94%        N/A       1%          1
g - Call Imp              Summ           47%        N/A       1%          2
h - Stone Arrow           Conj/Erth      94%        3d12      1%          3
i - Ozocubu's Armour      Ice            64%        N/A       1%          3
Your spell library was empty.

Dungeon Overview and Level Annotations

Branches:
Dungeon (8/15)             Temple (1/1) D:4            Lair (1/6) D:8

Altars:
Ashenzari
Cheibriados
Dithmenos
Elyvilon
Fedhas
Gozag
Hepliaklqana
Kikubaaqudgha
Makhleb
Nemelex Xobeh
Okawaru
Qazlal
Ru
Sif Muna
Trog
Uskayaw
Vehumet
Wu Jian
Xom
Yredelemnul
Zin
The Shining One
Beogh

Shops:
D:2 :

Annotations:
D:6 3 runed translucent doors, amoeba's ghost, novice MiFi
D:8 2 transporters


Innate Abilities, Weirdness & Mutations

You are immune to sickness and miasma.
You are immune to poison.
Your flesh is very heat resistant. (rF++)
You are vulnerable to cold. (rC-)
You float through the air rather than walking.
You learn spells naturally, not from books.
Your magical power is your life essence.
You have superior vitality. (+4 HP)


Message History

The water moccasin closely misses you. The cane toad stings you.
Your crimson imp hits the cane toad but does no damage.
You have turned to stone.
The water moccasin completely misses you.
The cane toad stings you. The basilisk gazes at you.
Your crimson imp hits the cane toad but does no damage.
The water moccasin bites you but does no damage.
The cane toad stings you! The basilisk gazes at you.
The water moccasin bites you.
Your crimson imp hits the cane toad.
The cane toad stings you! The water moccasin bites you.
The basilisk bites you but does no damage.
Your crimson imp blinks!
The cane toad stings you!
* * * LOW HITPOINT WARNING * * *
The water moccasin barely misses you. The basilisk bites you!
* * * LOW HITPOINT WARNING * * *
The cane toad stings you. The water moccasin bites you.
* * * LOW HITPOINT WARNING * * *
The water moccasin bites you.
* * * LOW HITPOINT WARNING * * *
The basilisk gazes at you.
You easily resist.
The cane toad stings you.
* * * LOW HITPOINT WARNING * * *
The water moccasin bites you. The cane toad completely misses you.
The basilisk gazes at you.
You easily resist.
Your crimson imp hits the cane toad but does no damage.
The water moccasin bites you.
* * * LOW HITPOINT WARNING * * *
The cane toad stings you!
* * * LOW HITPOINT WARNING * * *
The basilisk hisses menacingly.
The basilisk bites you!
* * * LOW HITPOINT WARNING * * *
The water moccasin bites you.
You die...

... P.. ### #.. ..#
##.###.# #..##.$##
#..##...#
###)...8.#######
######.#..##5F$......
.........#.#.@S.#.##
#.##..P#..####.l......
#.........# ##....8..
..
..##......#####......
...#.
###†.........8...8
..... #....#### ......
...# ##..## .....8..
..## ##.# #.........
...########.#......


You could see a cane toad (ally target), a basilisk, a water moccasin and a
friendly crimson imp (summoned).

Vanquished Creatures
  Pikel (D:7)
  2 centaur zombies (D:8)
  A komodo dragon (D:8)
  Maggie (D:8)
  A troll (D:6)
  A hornet (D:7)
  Grinder (D:6)
  6 yaks (Lair:1)
  A steam dragon (D:8)
  Menkaure (D:4)
  Duvessa (D:4)
  A water moccasin (D:7)
  2 ice beasts
  A necrophage (D:6)
  An ogre (D:4)
  2 lemures
  A kobold brigand (D:7)
  A gnoll sergeant (D:6)
  4 bullfrogs
  Dowan (D:4)
  A water moccasin zombie (D:5)
  A howler monkey (D:7)
  3 jellies
  A hound (D:5)
  Jessica (D:2)
  2 iguanas (D:6)
  Terence (D:2)
  A killer bee zombie (D:8)
  A hound skeleton (D:4)
  4 gnolls (D:6)
  A howler monkey skeleton (D:6)
  8 adders
  2 ufetubi
  An adder skeleton (D:3)
  2 worms
  A dart slug (D:1)
  14 orcs
  7 ball pythons
  6 endoplasms
  4 giant cockroaches
  4 goblins
  7 hobgoblins
  7 jackals
  15 kobolds
  2 quokkas
  3 bats
  4 frilled lizards
  6 rats
  A butterfly (D:4)
142 creatures vanquished.

Vanquished Creatures (collateral kills)
  A yak (Lair:1)
  A water moccasin (Lair:1)
  An orc priest (D:5)
  2 foxfires (Lair:1)
5 creatures vanquished.

Vanquished Creatures (others)
  An orc wizard (D:5)
  An orc (D:5)
  502 foxfires
  A fungus (Lair:1)
  44 plants
549 creatures vanquished.

Grand Total: 696 creatures vanquished

Notes
Turn   | Place    | Note
-------+----------+-------------------------------------------
     0 | D:1      | funkygono the Djinni Fire Elementalist began the quest for
                  | the Orb.
     0 | D:1      | Reached XP level 1. HP: 15/15 MP: 0/0
   199 | D:1      | Reached XP level 2. HP: 19/21 MP: 0/0
   511 | D:1      | Reached skill level 3 in Spellcasting
   670 | D:1      | Reached XP level 3. HP: 21/25 MP: 0/0
   670 | D:1      | Learned a level 1 spell: Apportation
  1783 | D:2      | Reached XP level 4. HP: 3/31 MP: 0/0
  2150 | D:2      | Found a faded altar of an unknown god.
  2151 | D:2      | Noticed Jessica
  2152 | D:2      | Killed Jessica
  2443 | D:2      | Found Deral's Book Emporium.
  2527 | D:2      | Noticed Terence
  2534 | D:2      | Killed Terence
  2535 | D:2      | Reached XP level 5. HP: 28/35 MP: 0/0
  2535 | D:2      | Learned a level 2 spell: Call Imp
  2982 | D:3      | Reached skill level 4 in Spellcasting
  3069 | D:3      | Found an ornate altar of the Wu Jian Council.
  3077 | D:3      | Found a blossoming altar of Fedhas.
  3803 | D:4      | Found a staircase to the Ecumenical Temple.
  3812 | Temple   | Entered the Ecumenical Temple
  3915 | Temple   | Became a worshipper of Makhleb the Destroyer
  4208 | D:4      | Noticed Duvessa
  4208 | D:4      | Noticed Dowan
  4217 | D:4      | Killed Duvessa
  4218 | D:4      | Reached XP level 6. HP: 17/40 MP: 0/0
  4221 | D:4      | Killed Dowan
  4222 | D:4      | Reached skill level 5 in Spellcasting
  4518 | D:4      | Found a snail-covered altar of Cheibriados.
  4696 | D:4      | Found a stormy altar of Qazlal.
  4740 | D:4      | Noticed an ogre
  4741 | D:4      | Noticed Menkaure
  4745 | D:4      | Killed an ogre
  4746 | D:4      | Reached XP level 7. HP: 40/45 MP: 0/0
  4746 | D:4      | Learned a level 3 spell: Stone Arrow
  4747 | D:4      | Killed Menkaure
  4896 | D:4      | Reached skill level 6 in Spellcasting
  4987 | D:4      | Identified a scroll of acquirement
  4987 | D:4      | Acquired 857 gold pieces
  5045 | D:5      | Entered Level 5 of the Dungeon
  5088 | D:5      | Reached XP level 8. HP: 18/50 MP: 0/0
  5227 | D:5      | You are sucked into a shaft and drop 2 floors!
  5255 | D:7      | Reached * piety under Makhleb
  5256 | D:7      | Reached skill level 7 in Spellcasting
  5389 | D:6      | Identified the +0 robe of the Flute {rF- Will+ Dex+3}
  5402 | D:5      | Noticed Grinder
  5416 | D:6      | Killed Grinder
  5417 | D:6      | Reached skill level 8 in Spellcasting
  5451 | D:5      | Reached XP level 9. HP: 56/56 MP: 0/0
  5451 | D:5      | Learned a level 3 spell: Ozocubu's Armour
  5881 | D:6      | Noticed a troll
  5891 | D:6      | Killed a troll
  6045 | D:6      | Found a runed translucent gate.
  6045 | D:6      | Found a runed translucent gate.
  6045 | D:6      | Found a runed translucent gate.
  6045 | D:6      | Noticed amoeba's ghost (novice MiFi)
  6237 | D:7      | Noticed a hornet
  6243 | D:7      | Killed a hornet
  6244 | D:7      | Reached skill level 1 in Fighting
  6244 | D:7      | Reached skill level 1 in Long Blades
  6244 | D:7      | Reached skill level 9 in Spellcasting
  6557 | D:8      | Found a transporter.
  6592 | D:8      | Noticed Pikel
  6740 | D:7      | Killed Pikel
  6741 | D:7      | Reached skill level 1 in Armour
  6741 | D:7      | Reached XP level 10. HP: 35/63 MP: 0/0
  6760 | D:8      | Found a transporter.
  6855 | D:8      | Noticed Maggie
  6864 | D:8      | Killed Maggie
  6865 | D:8      | Reached skill level 1 in Shields
  6866 | D:8      | Noticed a komodo dragon
  6880 | D:8      | Killed a komodo dragon
  6898 | D:8      | Found a staircase to the Lair.
  7048 | D:8      | Found a sparkling altar of Nemelex Xobeh.
  7504 | Lair:1   | Entered Level 1 of the Lair of Beasts
  7601 | Lair:1   | Reached ** piety under Makhleb
  7630 | Lair:1   | Reached skill level 10 in Spellcasting
  7697 | Lair:1   | Reached skill level 5 in Dodging
  7757 | Lair:1   | Noticed a cane toad
  7758 | Lair:1   | Noticed a black mamba
  7769 | Lair:1   | HP: 1/65 [basilisk (6)]
  7769 | Lair:1   | Slain by a water moccasin

Illustrated notes

Levels and vault maps discovered:
D:1:      nicolae_arrival_memento_mori, layout_basic
D:2:      minmay_inner_zag, layout_basic, serial_shops, nicolae_lakefront_shop,
          ebering_ecumenical_altar_abandoned, minmay_misc_feat_plants,
          minmay_puff, uniq_jessica, uniq_terence
D:3:      layout_loops_corners, mainiacjoe_overflow_large_starburst
D:4:      layout_rooms, lemuel_round_altar, nicolae_qazlal_scattered_showers,
          minmay_temple_entry_butterflies, uniq_menkaure, uniq_duvessa
D:5:      lemuel_ice_spiral_2, layout_basic, uniq_grinder
D:6:      layout_rooms, biasface_ghost_orc_armoury
D:7:      layout_cave_pools, kennysheep_cross_room
D:8:      gammafunk_beogh_shrine, layout_basic, pf_just_have_faith,
          nemelex_xobeh_ov_fountains_minmay, david_lair_shrubbed, uniq_pikel,
          uniq_maggie
Temple:   eino_temple_scatter_basement
Lair:1:   wad_woods_04, layout_loops_ring, beast_lair_carwin_7,
          grunt_megastairs_4

Skill      XL: |  1  2  3  4  5  6  7  8  9 10 |
---------------+-------------------------------+-----
Spellcasting   | 3 4 5 6 8 9 10 | 10.1
Dodging        | 3 4 5 |  5.5
Stealth        | 2 |  2.6
Fighting       | 1 2 |  2.5
Long Blades    | 2 4 |  4.1
Armour         | 1 3 |  3.0
Shields        | 1 |  1.1

Action                   |  1- 3 |  4- 6 |  7- 9 | 10-12 || total
-------------------------+-------+-------+-------+-------++-------
Melee: Long sword        |     2 |       |       |       ||     2
       Falchion          |       |       |    29 |    90 ||   119
 Cast: Foxfire           |    63 |    74 |   128 |    27 ||   292
       Scorch            |     6 |     4 |     8 |     3 ||    21
       Call Imp          |       |     1 |     3 |     2 ||     6
       Flame Wave        |       |       |     1 |     1 ||     2
       Stone Arrow       |       |       |    13 |    16 ||    29
  Use: Scroll            |     1 |     4 |    12 |     3 ||    20
Armor: Robe              |     9 |     1 |    12 |       ||    22
       Troll leather arm |       |       |    18 |    17 ||    35
Dodge: Dodged            |    20 |     3 |    39 |    38 ||   100
Block: Buckler           |       |       |    14 |     9 ||    23

Table legend: (Time is in decaauts)
 A = Elapsed time spent in this place.
 B = Non-inter-level travel time spent in this place.
 C = Inter-level travel time spent in this place.
 D = Time resting spent in this place.
 E = Time spent auto-exploring this place.
 F = Levels seen in this place.
 G = Mean time per level.
                   A        B        C        D        E       F      G
               +--------+--------+--------+--------+--------+-----+--------+
         Total |   7800 |   7534 |    266 |    884 |   5146 |  10 |  780.0 |
       Dungeon |   7308 |   7061 |    247 |    864 |   4829 |   8 |  913.5 |
        Temple |    220 |    202 |     18 |      0 |    181 |   1 |  220.0 |
          Lair |    271 |    271 |      0 |     20 |    136 |   1 |  271.0 |
               +--------+--------+--------+--------+--------+-----+--------+

Top non-repeatable levels by time:
     D:2: 1526 daAuts
     D:1: 1317 daAuts
     D:4: 1020 daAuts
     D:3: 956 daAuts
     D:8: 858 daAuts
     D:7: 635 daAuts
     D:6: 531 daAuts
     D:5: 460 daAuts
  Lair:1: 271 daAuts
  Temple: 220 daAuts
